 Dungeon Crawl Stone Soup version 0.28-a0-1199-gef9e1dbd39 (webtiles) character file.

Game seed: 5489722527011218280

180 sanka the Cudgeller (level 5, -1/43 HPs)
             Began as a Palentonga Abyssal Knight on Dec 19, 2021.
             Was a Believer of Lugonu.
             Shot with a bolt by a kobold (2 damage)
             ... in a sewer.
             The game lasted 00:03:39 (2906 turns).

sanka the Cudgeller (Palentonga Abyssal Knight)     Turns: 2906, Time: 00:03:40

Health: -1/43      AC:  5    Str: 18    XL:     5   Next: 33%
Magic:  6/6        EV:  9    Int: 11    God:    Lugonu [**....]
Gold:   55         SH:  0    Dex: 10    Spells: 4/4 levels left

rFire   . . .      SeeInvis +   a - +1 mace
rCold   . . .      Faith    .   (no shield)
rNeg    . . .      Spirit   .   b - +0 leather armour
rPois   .          Reflect  .   (no helmet)
rElec   .          Harm     .   (no cloak)
rCorr   .          Rampage  .   o - +0 pair of gloves
Will    .....                   (no barding)
Stlth   +.........              (no amulet)
HPRegen 0.14/turn               (no ring)
MPRegen 0.10/turn               (no ring)

@: very slow
A: large, rugged brown scales 3, see invisible, deformed body, roll 1, armoured
tail
a: Rolling Charge, Renounce Religion, Depart the Abyss, Bend Space


You were in a sewer.
You worshipped Lugonu.
Lugonu was pleased with you.
You visited 1 branch of the dungeon, and saw 3 of its levels.
You visited the Abyss 1 time.
You also visited: Sewer.

You collected 55 gold pieces.


Innate Abilities, Weirdness & Mutations

You are completely covered in rugged brown scales. (AC +3, +7% HP)
You have supernaturally acute eyesight. (SInv)
Armour fits poorly on your strangely shaped body.
You can roll at nearby foes to attack.
You have a long armoured tail.


   Skills:
 - Level 3.0 Fighting
 + Level 5.6 Maces & Flails
 - Level 1.5 Armour
 - Level 0.7 Dodging
 - Level 2.0 Invocations


You had 4 spell levels left.
You didn't know any spells.
Your spell library contained the following spells:

 Spells                   Type           Power      Damage    Failure   Level
 Conjure Flame            Conj/Fire      0%         6-21      77%         3
 Ignite Poison            Fire/Tmut/Pois 0%         N/A       77%         3
 Sticky Flame             Conj/Fire      0%         2d3       99%         4

Inventory:

Hand Weapons
 a - a +1 mace (weapon)
Armour
 b - a +0 leather armour (worn)
 o - a +0 pair of gloves (worn)
Jewellery
 d - a ring of fire
Scrolls
 e - 2 scrolls of fear {unknown}
 g - a scroll of fog {unknown}
 m - a scroll of teleportation {unknown}
 n - a scroll of silence {unknown}
Potions
 c - 2 potions of resistance {unknown}
 f - a potion of lignification {!q}
 h - 2 potions of might {unknown}
 i - a potion of attraction {unknown}
 j - 2 potions of cancellation
 k - a potion of brilliance {unknown}
 l - a potion of berserk rage {unknown}
 p - a potion of magic {unknown}
 q - a potion of heal wounds {unknown}
 r - 3 potions of haste {unknown}

Dungeon Overview and Level Annotations

Branches:
Dungeon (3/15)              Sewer (1/1)

Altars:

Shops:
D:2

? ............▒▒......▒▒▒▒
............P.......▒..
.....P≈≈≈P......≈.≈≈'...[▒
.≈≈≈≈≈≈≈≈P≈≈≈...K≈≈≈'..∩!▒
.P≈≈≈P≈≈≈≈P≈K.K.P≈P≈▒....▒
▒▒▒▒▒≈≈≈≈▒▒▒▒▒▒▒▒▒▒K▒▒▒▒▒▒
≈≈≈≈≈≈≈≈≈≈≈≈≈≈≈≈≈K≈≈≈≈▒
≈≈≈≈≈≈≈≈≈≈≈≈≈≈≈≈≈≈≈≈≈≈▒
≈≈≈≈≈≈≈≈≈≈≈≈≈≈≈≈H≈K≈≈≈▒
▒≈▒≈▒▒▒▒▒▒▒≈▒▒▒▒▒▒▒▒▒▒▒▒▒▒
≈≈P≈≈P..P≈≈≈≈P≈P.≈≈≈▒....▒
≈≈≈≈≈...≈≈≈≈≈≈....≈≈)..∩.▒
.P.≈.......≈≈P...≈≈.')...▒
....†...............▒[...▒
...................▒▒▒▒▒▒▒
...................▒
.....P...........▒▒▒


You could see 3 kobolds.


Message History

You feel extremely sick.
You feel very sick.
You feel very sick. Why would you want to do that?
Why would you want to do that?
Unknown command.
Why would you want to do that?
You feel very sick.
You feel sick.
You feel sick.
You hear a splashing noise.
You feel sick.
You are no longer poisoned.
You hear a splashing noise.
You hear a splashing noise.
Something hits the plant.
The plant begins to die.
Something hits the plant!
You hear a splashing noise.
You hit the kobold.
You kill the kobold!
Lugonu accepts your kill.
You hear a splash.
You hear a splash.
The kobold unwields a +0 short sword.
The kobold wields a +0 vorpal hand crossbow.
The kobold shoots a bolt.
The bolt hits you!
* * * LOW HITPOINT WARNING * * *
You die...

Action                   |  1- 3 |  4- 6 || total
-------------------------+-------+-------++-------
Melee: Mace              |    99 |    58 ||   157
       Tailslap          |     2 |    10 ||    12
       Unarmed           |       |     7 ||     7
Invok: Depart the Abyss  |     1 |       ||     1
 Abil: Rolling Charge    |     1 |       ||     1
  Use: Potion            |       |     4 ||     4
Armor: Leather armour    |    42 |    33 ||    75
       Skin              |       |    15 ||    15
Dodge: Dodged            |    59 |    50 ||   109

Levels and vault maps discovered:
D:1:      saegor_arrival_simple_e, layout_basic,
          shapermc_ecumenical_altar_totnotflames, minivault_5
D:2:      layout_basic, serial_shops, shop
D:3:      layout_loops_ring, portal_sewer_entry_c
Sewer:    kennysheep_pipe_town

Notes
Turn   | Place    | Note
-------+----------+-------------------------------------------
     0 | Abyss:1  | sanka the Palentonga Abyssal Knight began the quest for the
                  | Orb.
     0 | Abyss:1  | Reached XP level 1. HP: 19/19 MP: 2/2
    46 | Abyss:1  | Noticed a large abomination
    72 | Abyss:1  | Noticed a neqoxec
    72 | Abyss:1  | Noticed a thrashing horror
    75 | D:1      | Escaped the Abyss
   298 | D:1      | Reached XP level 2. HP: 23/25 MP: 3/3
   351 | D:1      | Reached * piety under Lugonu
   383 | D:1      | Reached skill level 3 in Maces & Flails
   510 | D:1      | Found a faded altar of an unknown god.
  1011 | D:2      | Reached XP level 3. HP: 29/31 MP: 4/4
  1544 | D:2      | Found Xuff's Magic Scroll Boutique.
  1559 | D:2      | Reached skill level 4 in Maces & Flails
  1949 | D:3      | Found a glowing drain.
  1962 | D:3      | Reached XP level 4. HP: 27/37 MP: 5/5
  2121 | Sewer    | Entered a sewer
  2261 | Sewer    | Reached ** piety under Lugonu
  2504 | Sewer    | Noticed a kobold brigand
  2518 | Sewer    | HP: 2/37 [kobold (2)]
  2524 | Sewer    | HP: 4/55 [kobold brigand (3)]
  2525 | Sewer    | Killed a kobold brigand
  2526 | Sewer    | Reached skill level 5 in Maces & Flails
  2526 | Sewer    | Reached XP level 5. HP: 4/43 MP: 6/6
  2906 | Sewer    | HP: 1/43 [kobold/bolt (8)]
  2906 | Sewer    | Shot with a bolt by a kobold

Vanquished Creatures
  A kobold brigand (Sewer)
  3 adders
  A river rat (D:3)
  A worm (D:2)
  2 dart slugs (D:1)
  3 endoplasms
  8 giant cockroaches
  4 goblins (D:2)
  4 hobgoblins
  4 jackals (D:2)
  A quokka (D:1)
  4 ball pythons
  4 bats
  3 frilled lizards (D:1)
  14 kobolds
  8 rats
65 creatures vanquished.

Vanquished Creatures (others)
  A fungus (Sewer)
  3 plants (Sewer)
4 creatures vanquished.

Grand Total: 69 creatures vanquished
